 Dungeon Crawl Stone Soup version 0.27.0-1-g7a089689b8 (webtiles) character file.

Game seed: 13050675707203321166

27 HoaS the Ruffian (level 3, 0/29 HPs)
             Began as a Ghoul Gladiator on Aug 1, 2021.
             Slain by a hobgoblin (1 damage)
             ... on level 1 of the Dungeon.
             The game lasted 00:01:08 (448 turns).

HoaS the Ruffian (Ghoul Gladiator)                   Turns: 448, Time: 00:01:09

Health: 0/29       AC:  4    Str: 18    XL:     3   Next: 10%
Magic:  2/2        EV: 12    Int:  3    God:
Gold:   0          SH:  0    Dex: 10    Spells: 2/2 levels left

rFire    . . .     SeeInvis .     - Unarmed
rCold    + . .     Faith    .   (no shield)
rNeg     + + +     Spirit   .   a - +0 leather armour
rPois    ∞         Reflect  .   b - +0 helmet
rElec    .         Harm     .   (no cloak)
rCorr    .         Rampage  .   (no gloves)
Will     .....                  (no boots)
Stlth    +.........             (no amulet)
HPRegen  0.00/turn              (no ring)
MPRegen  0.08/turn              (no ring)

@: inhibited regen
A: claws 1, cold resistance 1, negative energy resistance 3, inhibited
regeneration, torment resistance 2
a: no special abilities


You were on level 1 of the Dungeon.
You visited 1 branch of the dungeon, and saw 1 of its levels.

Inventory:

Armour
 a - a +0 leather armour (worn)
 b - a +0 helmet (worn)
Scrolls
 d - a scroll of immolation {unknown}


   Skills:
 - Level 2.1 Fighting
 - Level 1.7 Throwing
 - Level 2.6 Dodging
 + Level 4.6 Unarmed Combat


You had 2 spell levels left.
You didn't know any spells.
Your spell library was empty.

Dungeon Overview and Level Annotations

Branches:
Dungeon (1/15)

Altars:


Innate Abilities, Weirdness & Mutations

You thrive by killing the living.
You are immune to poison.
You have sharp fingernails.
Your flesh is cold resistant. (rC+)
You are immune to negative energy. (rN+++)
You do not regenerate when monsters are visible.
You are immune to unholy pain and torment.


Message History

You are too injured to fight recklessly!
You scratch the gnoll but do no damage.
The gnoll is almost dead.
The hobgoblin barely misses you. The gnoll hits you with a +0 club.
You closely miss the gnoll.
The gnoll is almost dead.
The hobgoblin barely misses you. The gnoll hits you with a +0 club.
* * * LOW HITPOINT WARNING * * *
You scratch the gnoll but do no damage.
The gnoll is almost dead.
The hobgoblin closely misses you. The gnoll hits you with a +0 club.
* * * LOW HITPOINT WARNING * * *
You claw the gnoll!
You kill the gnoll!
The hobgoblin closely misses you.
You have reached level 3!
Your experience leads to an increase in your attributes!
Increase (S)trength, (I)ntelligence, or (D)exterity?
You feel stronger.
Throw: 3 throwing nets
Press: ? - help, Shift-Dir - straight line, f - hobgoblin
Aim: a hobgoblin (56% to hit)
You throw a throwing net.
The throwing net barely misses the hobgoblin.
The hobgoblin barely misses you.
Throw: 2 throwing nets
Press: ? - help, Shift-Dir - straight line, f/p - hobgoblin
Aim: a hobgoblin (56% to hit)
You throw a throwing net.
The throwing net barely misses the hobgoblin.
The hobgoblin hits you but does no damage.
Throw: throwing net
Press: ? - help, Shift-Dir - straight line, f/p - hobgoblin
Aim: a hobgoblin (56% to hit)
You throw a throwing net.
The throwing net closely misses the hobgoblin.
The hobgoblin closely misses you.
You scratch the hobgoblin but do no damage.
The hobgoblin hits you.
You die...

#.##.# ##...(## #......#
+......+ #......###
+.........
#.###.........
#...)@g.(#.#
#######..#.# #..#.# #
#########..#.# ##
#.(..........#### ##.
#........†......##...+..
#...##..##..##...#..##..
##.####....####..#......
##.## ##..## ##..#..##..


You could see a hobgoblin.

Vanquished Creatures
  A gnoll (D:1)
  A dart slug (D:1)
  3 ball pythons (D:1)
  3 bats (D:1)
  2 endoplasms (D:1)
  A giant cockroach (D:1)
  A hobgoblin (D:1)
  A frilled lizard (D:1)
  A kobold (D:1)
  3 rats (D:1)
17 creatures vanquished.

Notes
Turn   | Place    | Note
-------+----------+-------------------------------------------
     0 | D:1      | HoaS the Ghoul Gladiator began the quest for the Orb.
     0 | D:1      | Reached XP level 1. HP: 17/17 MP: 0/0
   133 | D:1      | Reached XP level 2. HP: 24/24 MP: 1/1
   190 | D:1      | Reached skill level 4 in Unarmed Combat
   443 | D:1      | HP: 1/24 [gnoll (2)]
   445 | D:1      | Reached XP level 3. HP: 1/29 MP: 2/2
   448 | D:1      | Slain by a hobgoblin

Illustrated notes

Levels and vault maps discovered:
D:1:      lemuel_arrival_rhombus, layout_basic, basic_ecumenical_altar,
          palyth_stone_intersect

Skill      XL: |  1  2 |
---------------+-------+-----
Unarmed Combat | 4 |  4.6
Fighting       | |  2.1
Throwing       | |  1.7
Dodging        | |  2.6

Action                   || total
-------------------------++-------
Melee: Unarmed           ||    57
Throw: Throwing net      ||     3
Armor: Leather armour    ||    23
Dodge: Dodged            ||    66
